cohdb
Replays
Latest Replays
All Replays
Popular Replays
Top Player Replays
Match Explorer
How It Works
Community
CoH3 Stats
Reddit
Sign in to upload your games and track your stats! →
Sign in with Steam
Match 45608628
Unlisted
Match 45608628
Overview
Messages
Build Orders
End
Construct Weapon Support Center
M1919 Machine Gun Team
Selects Special Operations Battlegroup
M1919 Machine Gun Team
Engineer Squad
Air Support Center
Construct Motor Pool
Selects Raiding Flares
.30 cal Machine Gun
Bazooka Squad
Mortar Pit
Construct Medical Station
Selects SSF Commando Squad
SSF Commando Squad
Grasshopper Recon Run
P-47 Strafing Run
M8 Greyhound Armored Car
SSF Commando Squad
M24 Chaffee Light Tank
Double Sortie
The Kaiser
unes vampire
Oncle-Hô
Я3'CYCLOPZ
FoxHound
Luck und Leder
Company of Heroes 3
SerKar
0
0
Comments
sign in to comment!
No comments posted yet!